Map: Eternal Empire LE

Players

Vanillasky - Winner!

  • Race: Protoss Protoss
  • League: Master
  • Spawn Location: 1:00

llllllllllll

  • Race: Protoss Protoss
  • Spawn Location: 7:00

VOD

Have the link to the VOD?

Description

Time

  • Played on: June 20, 2020, 7:34 a.m.
  • Length: 7:12
Show
View Real Time Build Order
Export as new Build Order

Vanillasky Protoss - Winner!

Build Orders:  

Get SALT Encoding   

  12  0:00  Probe  
  13  0:12  Probe  
  14  0:18  Pylon  
  14  0:23  Probe  
  15  0:32  Probe  
  15  0:39  Gateway  
  15  0:40  Probe  
  16  0:48  Assimilator  
  17  0:52  Probe  
  17  0:55  Assimilator  
  18  1:03  Probe  
  18  1:11  Probe  
  19  1:15  Gateway  
  20  1:19  Probe  
  21  1:30  Cybernetics Core  
  21  1:31  Probe  
  22  1:37  Pylon  
  22  1:44  Probe  
  23  1:56  Probe  
  24  2:06  Adept x2  
  24  2:07  Warp Gate  
  28  2:17  Pylon  
  28  2:38  Nexus  
  28  2:43  Robotics Facility  
  28  2:49  Sentry  
  30  2:58  Stalker  
  32  2:59  Probe  
  33  3:06  Pylon  
  33  3:12  Probe  
  34  3:21  Twilight Council  
  34  3:24  Probe  
  35  3:38  Immortal, Probe  
  40  3:47  Probe  
  40  3:51  Probe  
  40  3:55  Probe  
  42  3:57  Resonating Glaives  
  43  4:03  Probe  
  43  4:08  Probe  
  45  4:15  Probe  
  46  4:20  Immortal, Probe  
  51  4:24  Sentry  
  51  4:26  Probe  
  54  4:34  Probe  
  54  4:37  Probe, Pylon  
  56  4:46  Gateway  
  56  4:49  Gateway  
  56  4:51  Probe  
  56  4:52  Probe  
  58  4:59  Warp Prism  
  60  5:09  Gateway  
  60  5:10  Gateway  
  60  5:14  Gateway  
  60  5:21  Sentry, Pylon  
  62  5:22  Sentry  
  62  5:24  Pylon  
  64  5:46  Observer  
  64  5:47  Adept x3  
  64  5:48  Adept  
  73  6:02  Pylon x2  
  73  6:06  Adept x2  
  73  6:07  Adept x3  
  73  6:08  Adept  
  85  6:24  Adept  
  83  6:32  Adept x4  
  83  6:33  Adept x2  
  73  6:52  Adept x2  
  73  6:53  Adept x5  
Show
View Real Time Build Order
Export as new Build Order

llllllllllll Protoss 

Build Orders: Zealot Archon 

Get SALT Encoding   

  12  0:00  Probe  
  13  0:13  Probe  
  14  0:18  Pylon  
  14  0:25  Probe  
  15  0:34  Probe  
  15  0:42  Probe  
  16  0:43  Gateway  
  16  0:48  Assimilator  
  17  0:51  Probe  
  17  0:56  Assimilator  
  18  1:00  Probe  
  19  1:08  Probe  
  19  1:17  Probe  
  20  1:22  Pylon  
  21  1:29  Probe  
  21  1:31  Cybernetics Core  
  22  1:41  Probe  
  23  1:54  Nexus  
  23  1:57  Probe  
  24  2:07  Warp Gate  
  24  2:08  Stalker  
  26  2:10  Probe  
  27  2:19  Shield Battery  
  28  2:22  Probe  
  28  2:36  Pylon  
  28  2:38  Stalker  
  28  2:41  Probe  
  31  2:54  Probe  
  31  2:56  Forge  
  31  2:58  Protoss Ground Weapons Level 1  
  32  3:00  Twilight Council  
  32  3:06  Probe  
  32  3:09  Probe  
  34  3:14  Pylon  
  34  3:18  Probe  
  35  3:21  Probe  
  35  3:24  Robotics Facility  
  36  3:30  Probe  
  36  3:33  Probe  
  38  3:36  Charge  
  38  3:41  Pylon  
  38  3:42  Probe  
  38  3:45  Probe  
  40  3:54  Probe  
  41  3:56  Gateway  
  41  3:57  Probe  
  41  3:58  Pylon  
  42  4:06  Probe, Gateway  
  42  4:09  Probe  
  44  4:12  Pylon  
  44  4:18  Immortal, Probe  
  44  4:21  Probe  
  50  4:25  Pylon  
  50  4:33  Nexus  
  50  4:37  Assimilator  
  50  4:39  Assimilator  
  50  4:44  Probe x2  
  52  4:48  Templar Archives  
  52  4:51  Pylon  
  52  4:58  Pylon  
  52  5:03  Immortal  
  52  5:05  Probe x2  
  58  5:17  Probe x2  
  60  5:25  High Templar, Pylon  
  60  5:27  Gateway  
  62  5:29  High Templar, Gateway  
  62  5:33  Gateway  
  64  5:39  Shield Battery  
  64  5:42  Archon  
  64  5:43  Immortal, Zealot  
  64  5:45  Probe x2  
  64  5:47  Probe  
  73  5:58  Zealot  
  73  6:00  Zealot  
  73  6:02  Zealot  
  79  6:15  High Templar x2  
  81  6:19  Archon  
  81  6:25  Zealot x3  
  81  6:32  Zealot  
  63  6:42  Probe x3  
  63  6:46  Zealot x4  
  63  6:47  Zealot  
  77  6:54  Probe, Zealot  
Tags
 
Composition
Zealot Archon
League
Master
Matchup
PvP
Spawn Locations
Cross Positions
Add a new tag
Caveats
  • Supply blocks, unpowered buildings, or Contaminate may cause inaccurate times.
  • Supply counts are checked every 10 seconds.